cohdb
Replays
Latest Replays
All Replays
Popular Replays
Top Player Replays
Match Explorer
How It Works
Community
CoH3 Stats
Reddit
Sign in to upload your games and track your stats! →
Sign in with Steam
Match 41512307
Unlisted
Match 41512307
Overview
Messages
Build Orders
End
Vickers Machine Gun Team
Construct Section Command Post
Dingo Light Scout Car
Infantry Section
Infantry Section
Construct Platoon Command Post
Construct Field Infirmary
Humber Armored Car
Infantry Training
Selects Heavy Armor Battlegroup
Selects Rigorous Vehicle Training
Selects Forward Repair Assembly
Infantry Section
Construct Company Command Post
6-pounder Anti-tank Gun Team
Grenade Package
Foot Guards Section
Foot Guards Section
Foot Guards Section
CMP 15cwt Truck
6-pounder Anti-tank Gun Team
CMP 15cwt Truck
Selects Churchill Black Prince Heavy Tank
我真的不是驴
THE one-冰封夕阳
Tirant
majintal excumuration
仙台葉月@宮城のけち
zenlew
Komrad Dyatlov
Deadpool
0
0
Comments
sign in to comment!
No comments posted yet!